 Dungeon Crawl Stone Soup version 0.18.1-50-g88ac8fd (webtiles) character file.

235 Amnesiac the Sneak (level 6, -5/29 HPs)
             Began as a Vine Stalker Artificer on July 6, 2018.
             Slain by a centaur (7 damage)
             ... on level 4 of the Dungeon.
             The game lasted 00:02:55 (915 turns).

Amnesiac the Sneak (Vine Stalker Artificer)          Turns: 915, Time: 00:02:56

Health: -5/29      AC:  4    Str: 15    XL:     6   Next: 6%
Magic:  0/9        EV: 12    Int: 12    God:
Gold:   68         SH:  0    Dex: 15    Spells: 0 memorised, 5 levels left

rFire  . . .     SeeInvis .     a - +0 short sword
rCold  . . .     Gourm    .     q - +0 leather armour
rNeg   . . .     Faith    .     (no shield)
rPois  .         Spirit   +     v - +0 helmet
rElec  .         Dismiss  .     (no cloak)
rCorr  .         Reflect  .     (no gloves)
SustAt .         Harm     .     (no boots)
MR     .....                    (no amulet)
Stlth  ++........               (no ring)
                                p - ring of flight

@: not resistant to hostile enchantments, unstealthy
A: fangs 2, regeneration 2, magic shield, antimagic bite, no device heal 3, rot
immunity
a: Evoke Flight


You were on level 4 of the Dungeon.
You were not hungry.

You visited 1 branch of the dungeon, and saw 4 of its levels.

You collected 68 gold pieces.

Inventory:

Hand Weapons
 a - a +0 short sword (weapon)
 b - a +0 blowgun
Missiles
 n - 37 poisoned needles
Armour
 q - a +0 leather armour (worn)
 v - a +0 helmet (worn)
Jewellery
 p - a ring of flight (left hand)
Wands
 c - a wand of flame (8/48)
 d - a wand of enslavement (15/24)
 e - a wand of random effects (13/48)
 s - a wand of flame (29/48)
Scrolls
 i - 2 scrolls of recharging {!r, unknown}
 j - 3 scrolls of fog {!r, unknown}
 k - 2 scrolls of immolation {!r, unknown}
 l - 6 scrolls of identify {!r, unknown}
 x - a scroll of random uselessness {!r, unknown}
Potions
 h - a potion of lignification {!q, unknown}
 m - a potion of flight {!q, unknown}
 o - a potion of cure mutation {!q, unknown}
 t - a potion of brilliance {!q, unknown}
Books
 r - a book of Unlife

   Spells                             Type                      Level
   a - Recall                         Summoning/Translocation      3
   b - Animate Dead                   Necromancy                   4
   c - Control Undead                 Necromancy                   4
   d - Cigotuvi's Embrace             Necromancy                   5
   e - Death Channel                  Necromancy                   6
   f - Simulacrum                     Ice/Necromancy               6
Comestibles
 f - 4 bread rations
 g - 3 fruits
 u - a slice of pizza
 w - a chunk of flesh


   Skills:
 - Level 0.8 Fighting
 * Level 4.1 Short Blades
 - Level 1.5 Dodging
 + Level 4.2 Stealth
 + Level 3.0 Evocations


You had 5 spell levels left.
You didn't know any spells.

Dungeon Overview and Level Annotations

Branches:
Dungeon (4/15)
 Temple: D:4-7

Altars:


Innate Abilities, Weirdness & Mutations

You have extremely sharp teeth.
You heal very quickly.
When hurt, damage is shared between your health and your magic reserves.
Your bite disrupts and absorbs the magic of your enemies.
Potions and wands cannot restore your health.
You are immune to rotting.


Message History

The centaur is moderately wounded.
The centaur hits you.
You barely miss the centaur. You bite the centaur, but do no damage.
The centaur is moderately wounded.
The centaur hits you. The centaur barely misses you.
You closely miss the centaur.
The centaur is moderately wounded.
The centaur barely misses you.
You hit the centaur but do no damage. You bite the centaur.
You drain its power.
You feel invigorated.
The centaur is heavily wounded.
The centaur closely misses you.
You hit the centaur. You bite the centaur, but do no damage.
The centaur is severely wounded.
The centaur hits you!
* * * LOW HITPOINT WARNING * * *
The centaur hits you but does no damage.
You hit the centaur. You bite the centaur. You drain its power.
You feel invigorated.
The centaur is severely wounded.
The centaur hits you!
* * * LOW HITPOINT WARNING * * *
You closely miss the centaur. You bite the centaur, but do no damage.
The centaur is severely wounded.
The centaur barely misses you. The centaur closely misses you.
You hit the centaur.
The centaur is almost dead.
The centaur barely misses you.
You hit the centaur but do no damage.
The centaur is almost dead.
The centaur barely misses you.
You hit the centaur but do no damage. You bite the centaur, but do no damage.
The centaur is almost dead.
The centaur hits you.
* * * LOW HITPOINT WARNING * * *
You barely miss the centaur. You bite the centaur, but do no damage.
The centaur is almost dead.
The centaur hits you.
* * * LOW HITPOINT WARNING * * *
The centaur hits you but does no damage.
You hit the centaur but do no damage.
The centaur is almost dead.
The centaur hits you.
* * * LOW HITPOINT WARNING * * *
You barely miss the centaur.
The centaur is almost dead.
The centaur hits you.
* * * LOW HITPOINT WARNING * * *
The centaur misses you.
You closely miss the centaur. You bite the centaur, but do no damage.
The centaur is almost dead.
The centaur barely misses you.
You hit the centaur.
The centaur is almost dead.
The centaur misses you.
You barely miss the centaur.
The centaur is almost dead.
The centaur barely misses you. The centaur hits you.
* * * LOW HITPOINT WARNING * * *
Unknown command.
You closely miss the centaur.
The centaur is almost dead.
The centaur hits you!
You die...

######...## ..........#
..........#
..........###
............
..........# ..........#
........@.# .
###.###c### ... ....
#.# #.###.... ......
#.###........ ......
#.##.<)...... ......###
#.#.........=
........###............
......................
......................


You could see a centaur.

Vanquished Creatures
  An ogre (D:4)
  A scorpion (D:3)
  An orc wizard (D:3)
  2 adders (D:3)
  A worm (D:2)
  A dart slug (D:3)
  2 giant geckos
  4 orcs (D:3)
  2 bats (D:3)
  2 giant cockroaches
  6 hobgoblins
  8 jackals
  4 kobolds
  A ball python (D:3)
  4 giant newts
  2 rats
42 creatures vanquished.

Notes
Turn   | Place    | Note
--------------------------------------------------------------
     0 | D:1      | Amnesiac the Vine Stalker Artificer began the quest for the Orb.
     0 | D:1      | Reached XP level 1. HP: 9/9 MP: 3/3
    18 | D:1      | Reached skill level 1 in Short Blades
    94 | D:1      | Reached XP level 2. HP: 2/14 MP: 5/5
   300 | D:2      | Reached XP level 3. HP: 8/17 MP: 3/6
   431 | D:3      | Reached XP level 4. HP: 9/21 MP: 7/7
   652 | D:3      | Reached XP level 5. HP: 25/25 MP: 8/8
   790 | D:4      | Noticed an ogre
   824 | D:4      | Noticed a centaur
   825 | D:4      | Killed an ogre
   825 | D:4      | Gained mutation: You heal very quickly. [Vine Stalker growth]
   825 | D:4      | Reached XP level 6. HP: 29/29 MP: 9/9
   914 | D:4      | HP: 1/29 [centaur (2)]
   915 | D:4      | Slain by a centaur

Skill      XL: |  1  2  3  4  5 |
---------------+----------------+-----
Short Blades   | 1 2 3 4 |  4.1
Stealth        | 2 3 4 |  4.2
Evocations     | 3 |  3.0
Fighting       | |  0.8
Dodging        | |  1.5

Action                   |  1- 3 |  4- 6 || total
-------------------------+-------+-------++-------
Melee: Short sword       |   146 |    64 ||   210
       Bite              |    33 |    23 ||    56
 Fire: Blowgun           |       |     7 ||     7
Evoke: Wand              |     3 |     6 ||     9
 Stab: Sleeping          |       |     1 ||     1
Armor: Leather armour    |    36 |    18 ||    54
Dodge: Dodged            |    89 |    48 ||   137
